 Dungeon Crawl Stone Soup version 0.27-a0-920-gb2bd10914a (webtiles) character file.

Game seed: 16605813891255949189

23 harryhousin the Slasher (level 3, -1/40 HPs)
             Began as a Merfolk Wanderer on Apr 9, 2021.
             Was a Follower of Kikubaaqudgha.
             Slain by an adder (3 damage)
             ... on level 2 of the Dungeon.
             The game lasted 00:06:33 (973 turns).

harryhousin the Slasher (Merfolk Wanderer)           Turns: 973, Time: 00:06:34

Health: -1/40      AC: 21    Str: 12    XL:     3   Next: 0%
Magic:  4/6        EV:  2    Int: 12    God:    Kikubaaqudgha [*.....]
Gold:   34         SH:  0    Dex: 13    Spells: 5/6 levels left

rFire    . . .     SeeInvis .   h - +2 demon whip (flame)
rCold    . . .     Faith    .   (no shield)
rNeg     + + +     Spirit   .   (armour currently unavailable)
rPois    +         Reflect  .   (helmet currently unavailable)
rElec    .         Harm     .   (cloak currently unavailable)
rCorr    .         Rampage  .   (gloves currently unavailable)
Will     .....     NoTele   +   (boots currently unavailable)
Stlth    +.........             f - amulet of regeneration
HPRegen  1.13/turn              (no ring)
MPRegen  0.10/turn              (no ring)

@: lethally poisoned (-1 -> -2), tree-form, very slightly contaminated
A: stationary, stasis, torment immunity, boosted hp, (nimble swimmer 2),
(mertail)
a: Renounce Religion, Receive Corpses


You were on level 2 of the Dungeon.
You worshipped Kikubaaqudgha.
Kikubaaqudgha was aware of your devotion.
You were a tree.
You visited 1 branch of the dungeon, and saw 2 of its levels.

You collected 34 gold pieces.

Inventory:

Hand Weapons
 h - a +2 demon whip of flaming (weapon)
Armour
 d - a +0 robe (melded)
Jewellery
 f - an amulet of regeneration (around neck)
Scrolls
 c - 2 scrolls of identify {unknown}
 g - a scroll of teleportation {unknown}


   Skills:
 + Level 1.7 Fighting
 - Level 4.6 Long Blades
 * Level 0.2 Maces & Flails
 - Level 1.0 Throwing
 - Level 1.4 Shields
 - Level 2.0 Spellcasting
 + Level 0.5 Necromancy
 - Level 1.0 Earth Magic


You had 5 spell levels left.
You knew the following spells:

 Your Spells              Type           Power      Damage    Failure   Level
a - Summon Small Mammal   Summ           4%         N/A       26%         1

Your spell library contained the following spells:

 Spells                   Type           Power      Damage    Failure   Level
 Pain                     Necr           8%         1d4       22%         1
 Sublimation of Blood     Necr           1%         N/A       32%         2
 Corpse Rot               Necr/Air       N/A        N/A       36%         2
 Vampiric Draining        Necr           1%         2d6       54%         3
 Call Canine Familiar     Summ           1%         N/A       63%         3


Dungeon Overview and Level Annotations

Branches:
Dungeon (2/15)

Altars:
Kikubaaqudgha


Innate Abilities, Weirdness & Mutations

You are a tree.
Your roots penetrate the ground, keeping you stationary.
You cannot be teleported.
You are immune to unholy pain and torment.
Your maximum health is greatly increased.
Your equipment is partially melded.
((You are quick and stealthy near water. (Stealth+, EV+, Speed+++)))
((Your lower body shifts to a powerful aquatic tail in water.))


Message History

You closely miss the adder. The adder barely misses you.
The adder closely misses you.
You miss the adder. The adder closely misses you.
You miss the adder. The adder closely misses you. The adder bites you.
You are poisoned.
The adder poisons you!
You barely miss the adder.
You feel sick. The adder bites you.
You are more poisoned.
The adder poisons you!
You miss the adder.
You feel very sick. The adder bites you.
You closely miss the adder.
You feel sick. The adder barely misses you. The adder bites you.
You are more poisoned.
The adder poisons you!
You closely miss the adder.
You feel very sick. The adder bites you.
* * * LOW HITPOINT WARNING * * *
It was a potion of lignification.
You turn into a tree.
Your +0 robe melds into your body.
Your roots penetrate the ground.
You feel sick. The adder bites you.
* * * LOW HITPOINT WARNING * * *
The adder bites you but does no damage.
You barely miss the adder.
You feel sick. The adder bites you.
* * * LOW HITPOINT WARNING * * *
Unknown command.
You aren't carrying any potions.
Casting: Summon Small Mammal (safe; 26% risk of failure)
Confirm with . or Enter, or press ? or * to list all spells.
You miscast Summon Small Mammal.
You are very lightly contaminated with residual magic.
Nothing appears to happen.
You feel sick. The adder bites you but does no damage.
Casting: Summon Small Mammal (safe; 26% risk of failure)
Confirm with . or Enter, or press ? or * to list all spells.
You feel sick. The adder bites you but does no damage. The adder bites you.
You die...
Kikubaaqudgha rasps: "You have failed me!
Welcome... death!"

.######### .........#.
#....# .#
#######..#.####....##.
#..#...........# #
#..#...........#..
#######..#............
.........#..........
.........# #..S..#
.........# #♣#
....†....# #.#
.........# #r#
.........# #.#
.........##### #.#
.............###.#
.........###.....#
########## #######


You could see an adder (ally target) and a friendly rat (summoned).

Vanquished Creatures
  A worm (D:2)
  A dart slug (D:1)
  2 endoplasms (D:1)
  2 giant cockroaches
  2 goblins (D:1)
  A hobgoblin (D:2)
  2 bats (D:1)
  2 frilled lizards (D:1)
  3 kobolds (D:1)
  3 rats (D:1)
19 creatures vanquished.

Vanquished Creatures (others)
  A kraken (D:1)
  A ghoul (D:1)
  A minotaur (D:1)
  An octopode (D:1)
  A gargoyle (D:1)
  2 elves (D:1)
  2 formicids (D:1)
  2 vampires (D:1)
  An ogre (D:1)
  A mummy (D:1)
  An orc (D:1)
  6 tentacles (D:1)
20 creatures vanquished.

Grand Total: 39 creatures vanquished

Notes
Turn   | Place    | Note
-------+----------+-------------------------------------------
     0 | D:1      | harryhousin the Merfolk Wanderer began the quest for the
                  | Orb.
     0 | D:1      | harryhousin set off with the following items: a +2
                  | falchion, a +0 spear, a +0 robe; and the following spell
                  | memorised: Summon Small Mammal; and the following spells
                  | available to memorise: Call Canine Familiar
     0 | D:1      | Reached XP level 1. HP: 15/15 MP: 3/3
     2 | D:1      | Noticed an ogre
     2 | D:1      | Noticed a minotaur
     2 | D:1      | Noticed a formicid
     2 | D:1      | Noticed a gargoyle
     2 | D:1      | Noticed a formicid
     2 | D:1      | Noticed a vampire
     2 | D:1      | Noticed a kraken
     2 | D:1      | Noticed an elf
     2 | D:1      | Noticed an elf
     2 | D:1      | Noticed a dwarf
     2 | D:1      | Noticed an octopode
     2 | D:1      | Noticed a ghoul
     2 | D:1      | Noticed a vampire
     2 | D:1      | Noticed a minotaur
     3 | D:1      | Killed a gargoyle
     4 | D:1      | Killed a vampire
     5 | D:1      | Killed an elf
     6 | D:1      | Killed a formicid
     8 | D:1      | Killed an ogre
    11 | D:1      | Killed a formicid
    12 | D:1      | Killed a minotaur
    13 | D:1      | Killed an elf
    14 | D:1      | Killed an octopode
    15 | D:1      | Killed a vampire
    16 | D:1      | Killed a ghoul
    17 | D:1      | Killed a kraken
   264 | D:1      | Found a faded altar of an unknown god.
   317 | D:1      | Became a worshipper of Kikubaaqudgha
   317 | D:1      | Reached * piety under Kikubaaqudgha
   317 | D:1      | Identified Kikubaaqudgha's Tome of Dark Rites
                  | (Kikubaaqudgha gifted it to you on level 1 of the Dungeon)
   317 | D:1      | Received a gift from Kikubaaqudgha
   378 | D:1      | Reached XP level 2. HP: 13/21 MP: 5/5
   941 | D:2      | Reached XP level 3. HP: 27/27 MP: 6/6
   971 | D:2      | HP: 1/40 [adder (2)]
   973 | D:2      | Slain by an adder

Illustrated notes

Levels and vault maps discovered:
D:1:      nicolae_arrival_kraken_aquarium_b, layout_basic,
          chequers_ecumenical_altar_simple_redux
D:2:      layout_basic

Action                   || total
-------------------------++-------
Melee: Falchion          ||    34
       Demon whip        ||    19
 Cast: Summon Small Mamm ||     1
  Use: Potion            ||     1
 Stab: Sleeping          ||     1
Armor: Robe              ||     9
       Skin              ||     3
Dodge: Dodged            ||    35
       Rpst.: Falchion   ||     7

Table legend: (Time is in decaauts)
 A = Elapsed time spent in this place.
 B = Non-inter-level travel time spent in this place.
 C = Inter-level travel time spent in this place.
 D = Time resting spent in this place.
 E = Time spent auto-exploring this place.
 F = Levels seen in this place.
 G = Mean time per level.
                   A        B        C        D        E       F      G
               +--------+--------+--------+--------+--------+-----+--------+
         Total |    976 |    952 |     24 |      0 |    701 |   2 |  488.0 |
       Dungeon |    976 |    952 |     24 |      0 |    701 |   2 |  488.0 |
               +--------+--------+--------+--------+--------+-----+--------+

Top non-repeatable levels by time:
     D:1: 868 daAuts
     D:2: 108 daAuts
